 Dungeon Crawl Stone Soup version 0.24-a0-479-g9a978d2894 (webtiles) character file.

Game seed: 15941803565818990446

188 Gynju the Conjurer (level 5, -12/38 HPs)
             Began as a Draconian Conjurer on July 8, 2019.
             Mangled by Menkaure (19 damage)
             ... on level 4 of the Dungeon.
             The game lasted 00:07:08 (4173 turns).

Gynju the Conjurer (Draconian Conjurer)             Turns: 4173, Time: 00:07:09

Health: -12/38     AC:  5    Str: 10    XL:     5   Next: 39%
Magic:  5/11       EV: 12    Int: 15    God:
Gold:   70         SH:  0    Dex: 13    Spells: 11/12 levels left

rFire    . . .     SeeInvis .   g - +0 short sword
rCold    . . .     Gourm    .   (no shield)
rNeg     . . .     Faith    .   (armour unavailable)
rPois    .         Spirit   .   (helmet restricted)
rElec    .         Reflect  .   (no cloak)
rCorr    .         Harm     .   (no gloves)
MR       .....                  (no boots)
Stlth    ++........             (no amulet)
HPRegen  0.12/turn              (no ring)
MPRegen  0.12/turn              (no ring)

@: very slightly contaminated
A: unfitting armour, cold-blooded, AC +5
a: no special abilities


You were on level 4 of the Dungeon.
You were not hungry.

You visited 1 branch of the dungeon, and saw 4 of its levels.

You collected 70 gold pieces.

Inventory:

Hand Weapons
 g - a +0 short sword (weapon)
Missiles
 a - 6 javelins (quivered)
Jewellery
 k - an uncursed ring of fire {unknown}
Wands
 q - a wand of iceblast (11)
Scrolls
 c - 3 scrolls of blinking {unknown}
 d - a scroll of amnesia {unknown}
 e - 2 scrolls of random uselessness {unknown}
 h - a scroll of enchant armour {unknown}
 i - 2 scrolls of identify {unknown}
 l - 2 scrolls of fog {unknown}
 m - 4 scrolls of remove curse {unknown}
 r - a scroll of noise {unknown}
Potions
 f - a potion of curing {unknown}
 j - a potion of degeneration {unknown}
 n - a potion of ambrosia {unknown}
 o - 2 potions of flight {unknown}
 p - a potion of lignification {unknown}
 s - a potion of haste {unknown}
Comestibles
 b - 3 rations


   Skills:
 - Level 1.7 Dodging
 - Level 1.7 Stealth
 + Level 4.4 Spellcasting
 - Level 5.1 Conjurations


You had 11 spell levels left.
You knew the following spells:

 Your Spells              Type           Power        Failure   Level  Hunger
a - Magic Dart            Conj           ###.         2%          1    None

Your spell library contained the following spells:

 Spells                   Type           Power        Failure   Level  Hunger
 Searing Ray              Conj           ###...       3%          2    ##.....
 Dazzling Spray           Conj/Hex       ##....       19%         3    ###....
 Iskenderun's Mystic Bla  Conj           ###.....     22%         4    ####...
 Force Lance              Conj/Tloc      ##......     52%         4    ####...
 Fulminant Prism          Conj/Hex       ##........   52%         4    ####...


Dungeon Overview and Level Annotations

Branches:
Dungeon (4/15)
 Temple: D:4-7

Altars:
Nemelex Xobeh
The Shining One

Annotations:
D:3 1 runed translucent door, Ijyb; Sigmund; Trueduck's ghost, amateur NaTm
D:4 Menkaure


Innate Abilities, Weirdness & Mutations

Your plain brown scales are hard. (AC +5)
You cannot fit into any form of body armour.
You are cold-blooded and may be slowed by cold attacks.


Message History

Confirm with . or Enter, or press ? or * to list all spells.
Aiming: Magic Dart (safe; 2% risk of failure)
Press: ? - help, Shift-Dir - straight line, f/p - Menkaure
Aim: Menkaure (lightly damaged, fast)
The magic dart hits Menkaure.
Menkaure is moderately damaged.
Casting: Magic Dart (safe; 2% risk of failure)
Confirm with . or Enter, or press ? or * to list all spells.
Aiming: Magic Dart (safe; 2% risk of failure)
Press: ? - help, Shift-Dir - straight line, f/p - Menkaure
Aim: Menkaure (moderately damaged, fast)
The magic dart hits Menkaure.
Menkaure is moderately damaged.
Menkaure hits you!
* * * LOW HITPOINT WARNING * * *
You hit Menkaure.
Menkaure is heavily damaged.
Menkaure hits you!!
Ouch! That really hurt!
You die...

#.#...###.##.#
#..
...._......#.#
#..
##...#.##...#
..
##.##.####.#
<. #....# #.#
#.#.####.####
#.##
#.#......#
#...
#M######.#
####
#.@......#
####.##### #.#
#.# #.# #.#
#.. ###
############


You could see Menkaure.

Vanquished Creatures
  A scorpion (D:4)
  An orc wizard (D:3)
  3 adders (D:3)
  An ooze (D:1)
  A worm (D:3)
  2 dart slugs (D:1)
  2 leopard geckos
  3 orcs
  3 giant cockroaches
  5 goblins
  8 hobgoblins
  3 jackals (D:2)
  A quokka (D:2)
  3 ball pythons (D:2)
  11 bats
  7 frilled lizards
  11 kobolds
  4 rats
70 creatures vanquished.

Vanquished Creatures (others)
  A quokka (D:4)
1 creature vanquished.

Grand Total: 71 creatures vanquished

Notes
Turn   | Place    | Note
-------+----------+-------------------------------------------
     0 | D:1      | Gynju the Draconian Conjurer began the quest for the Orb.
     0 | D:1      | Reached XP level 1. HP: 14/14 MP: 3/3
   178 | D:1      | Reached XP level 2. HP: 20/20 MP: 0/5
   587 | D:1      | Reached XP level 3. HP: 26/26 MP: 5/7
  1009 | D:2      | Found a sparkling altar of Nemelex Xobeh.
  2171 | D:2      | Found a faded altar of an unknown god.
  2334 | D:3      | Reached XP level 4. HP: 19/33 MP: 1/8
  2539 | D:3      | Noticed Ijyb
  2918 | D:3      | Found a runed translucent door.
  2918 | D:3      | Noticed Trueduck's ghost (amateur NaTm)
  2945 | D:3      | Noticed Sigmund
  3021 | D:3      | Reached skill level 5 in Conjurations
  3485 | D:4      | Noticed an ogre
  3932 | D:4      | Reached XP level 5. HP: 21/38 MP: 0/11
  4148 | D:4      | Found a glowing golden altar of the Shining One.
  4164 | D:4      | Noticed Menkaure
  4173 | D:4      | Mangled by Menkaure

Levels and vault maps discovered:
D:1:      lightli_arrival_statue_moat, layout_rooms
D:2:      layout_loops_corners, nemelex_xobeh_ov_fountains_minmay,
          chequers_ecumenical_altar_grove, serial_bayou, serial_bayou_crossing,
          serial_bayou_shore_a, serial_bayou_lagoon_a, serial_bayou_pond_e
D:3:      layout_basic, first_ration, hellmonk_ghost_happy_afterlife,
          uniq_natasha, uniq_sigmund, uniq_ijyb, uniq_jessica
D:4:      layout_loops_ring, elyvilon_altar_4, nicolae_overflow_crystal_walls,
          lemuel_crystal_altar, nicolae_overflow_hidden_temple,
          kennysheep_orc_chapel, uniq_duvessa, uniq_blork_the_orc, uniq_menkaure

Skill      XL: |  1  2  3  4 |
---------------+-------------+-----
Spellcasting   | 3 4 |  4.4
Conjurations   | 5 |  5.1
Dodging        | |  1.7
Stealth        | |  1.7

Action                   |  1- 3 |  4- 6 || total
-------------------------+-------+-------++-------
Melee: Unarmed           |    20 |       ||    20
       Tailslap          |     5 |     3 ||     8
       Short sword       |    24 |    19 ||    43
 Cast: Magic Dart        |    98 |    77 ||   175
  Eat: Chunk             |     5 |     6 ||    11
Armor: Skin              |    18 |    14 ||    32
Dodge: Dodged            |    40 |    37 ||    77

Table legend:
 A = Non-vault XP
 B = Vault XP
 C = Vault XP percentage of total XP
 D = Non-vault monster count
 E = Vault monster count
 F = Vault count percentage of total count
                 A         B        C        D         E       F
            +---------+---------+-------+---------+---------+-------
      Total |     269 |       0 |   0.0 |      70 |       0 |   0.0
            +---------+---------+-------+---------+---------+-------
        D:1 |      53 |       0 |   0.0 |      27 |       0 |   0.0
        D:2 |      36 |       0 |   0.0 |      22 |       0 |   0.0
        D:3 |     103 |       0 |   0.0 |      19 |       0 |   0.0
        D:4 |      77 |       0 |   0.0 |       2 |       0 |   0.0
            +---------+---------+-------+---------+---------+-------
